 Dungeon Sprint DCSS version 0.17-a0-1951-g62301d3 (webtiles) character file.

1541 kosy22 the Grappler (level 8, -6/138 HPs)
             Began as a Troll Berserker on Oct 2, 2015.
             Was a High Priest of Trog.
             Mangled by a black mamba (7 damage)
             ... in the Dungeon (Sprint IX: "|||||||||||||||||||||||||||||").
             The game lasted 00:04:37 (485 turns).

kosy22 the Grappler (Troll Berserker)                Turns: 485, Time: 00:04:37

Health: -6/138     AC:  7    Str: 36    XL:     8   Next: 56%
Magic:  7/7        EV: 13    Int:  3    God:    Trog [*****.]
Gold:   0          SH:  0    Dex:  9    Spells: 0 memorised, 7 levels left

rFire  . . .     SeeInvis .     l - +2 halberd (venom)
rCold  . . .     Clarity  .     a - +0 animal skin
rNeg   . . .     SustAt   .     (no shield)
rPois  .         Gourm    +     (helmet restricted)
rElec  .         Spirit   .     (no cloak)
rCorr  .         Warding  .     (gloves unavailable)
rMut   .         NoTele   +     (boots unavailable)
MR     .....                    (no amulet)
Stlth  ..........               m - +2 ring of protection
                                n - +3 ring of strength

@: berserking (expiring), lethally poisoned (-6 -> -11), very quick, not
resistant to hostile enchantments, extremely unstealthy
A: unfitting armour, claws 3, fast metabolism 3, gourmand, regeneration 2,
shaggy fur 1, tough skin 2
a: Burn Spellbooks, Berserk, Trog's Hand, Brothers in Arms, Renounce Religion


You were in the Dungeon.
You worshipped Trog.
Trog was extremely pleased with you.
You were very full.

You visited 1 branch

Inventory:

Hand weapons
 l - a +2 halberd of venom (weapon)
 o - a +1 scimitar of flaming
Armour
 a - a +0 animal skin (worn)
Jewellery
 m - a +2 ring of protection (right claw)
 n - a +3 ring of strength (left claw)
Magical devices
 k - a wand of cold (7)
Scrolls
 h - 2 scrolls of blinking
 j - 3 scrolls of remove curse
 t - a scroll of identify
 u - 2 scrolls of enchant weapon
 v - 4 scrolls of fog
 w - 2 scrolls of enchant armour
Potions
 c - 5 potions of curing
 d - a potion of heal wounds
 e - a potion of haste
 f - 4 potions of magic
 i - a potion of invisibility
 q - a potion of might
Comestibles
 b - a bread ration
 r - a meat ration


   Skills:
 + Level 9.2 Fighting
 + Level 3.9 Polearms
 + Level 9.6 Dodging
 + Level 1.7 Stealth
 + Level 10.8 Unarmed Combat


You had 7 spell levels left.
You didn't know any spells.

Dungeon Overview and Level Annotations

Branches:
Dungeon (1/1)

Altars:
Cheibriados
Dithmenos
Elyvilon
Fedhas
Gozag
Kikubaaqudgha
Makhleb
Nemelex Xobeh
Okawaru
Qazlal
Ru
Sif Muna
Trog
Vehumet
Xom
Yredelemnul
Zin
The Shining One
Beogh
Jiyva
Lugonu


Innate Abilities, Weirdness & Mutations

You are too large for most types of armour.
You have claws for hands.
Your metabolism is lightning-fast.
You like to eat raw meat.
You heal very quickly.
You are covered in fur (AC +1).
You have very tough skin (AC +2).


Message History

The black mamba bites you!
* * * LOW HITPOINT WARNING * * *
You barely miss the black mamba. The black mamba closely misses you.
The black mamba bites you!
* * * LOW HITPOINT WARNING * * *
You barely miss the black mamba. The black mamba closely misses you.
You miss the black mamba. The black mamba bites you!
* * * LOW HITPOINT WARNING * * *
You are lethally poisoned!
The black mamba poisons you! The black mamba misses you.
You slash the black mamba!
The black mamba is moderately wounded.
* * * LOW HITPOINT WARNING * * *
You feel sick. The black mamba barely misses you.
The black mamba completely misses you.
You slash the black mamba!
The black mamba is severely wounded.
* * * LOW HITPOINT WARNING * * *
You feel sick. The black mamba bites you!
You die...

▓.▓_▓
▓.▓.▓_▓
▓.▓.▓_▓
▓.▓.▓_▓
▓.▓.▓_▓
▓F▓.▓_▓
▓F▓.▓_▓
▓S▓.▓_▓
▓@▓.▓_▓
▓.▓.▓_▓
▓.▓.▓_▓
▓.▓.▓'▓
▓.▓.▓.▓
▓.▓.▓.▓
▓.▓.▓.▓
▓.▓.▓.▓
▓.▓.▓)▓


You could see a black mamba and 2 giant frogs.

Vanquished Creatures
  A spiny frog (D)
  A two-headed ogre (D)
  A yak (D)
  A porcupine (D)
  An ogre (D)
  4 giant frogs (D)
  A big kobold (D)
  A quasit (D)
  A worker ant (D)
  An iguana (D)
  An adder (D)
  An orc (D)
  A bat (D)
  2 giant cockroaches (D)
  A ball python (D)
  A giant gecko (D)
  A giant newt (D)
  A kobold (D)
  A quokka (D)
23 creatures vanquished.

Vanquished Creatures (collateral kills)
  A cyclops (D)
  An efreet (D)
  A wasp (D)
  An iguana (D)
4 creatures vanquished.

Vanquished Creatures (others)
  An unseen horror (D)
1 creature vanquished.

Grand Total: 28 creatures vanquished

Notes
Turn   | Place    | Note
--------------------------------------------------------------
     0 | D        | kosy22 the Troll Berserker began the quest for the Orb.
     0 | D        | Reached XP level 1. HP: 22/22 MP: 0/0
     9 | D        | Acquired Trog's second power
    29 | D        | Noticed a worker ant
    36 | D        | Killed a worker ant
    36 | D        | Reached skill level 4 in Unarmed Combat
    36 | D        | Reached XP level 2. HP: 28/32 MP: 1/1
    36 | D        | Reached XP level 3. HP: 34/39 MP: 2/2
    55 | D        | Acquired Trog's third power
    91 | D        | Found a glowing silver altar of Zin.
    91 | D        | Found a glowing golden altar of the Shining One.
    91 | D        | Found an ancient bone altar of Kikubaaqudgha.
    91 | D        | Found a basalt altar of Yredelemnul.
    91 | D        | Found a shimmering altar of Xom.
    91 | D        | Found a radiant altar of Vehumet.
    92 | D        | Found an iron altar of Okawaru.
    93 | D        | Found a burning altar of Makhleb.
    94 | D        | Found a deep blue altar of Sif Muna.
    95 | D        | Found a bloodstained altar of Trog.
    96 | D        | Found a sparkling altar of Nemelex Xobeh.
    97 | D        | Found a white marble altar of Elyvilon.
    98 | D        | Found a roughly hewn altar of Beogh.
    99 | D        | Found a viscous altar of Jiyva.
   100 | D        | Found a corrupted altar of Lugonu.
   101 | D        | Found a blossoming altar of Fedhas.
   102 | D        | Found a snail-covered altar of Cheibriados.
   103 | D        | Found a shadowy altar of Dithmenos.
   104 | D        | Found a stormy altar of Qazlal.
   105 | D        | Found an opulent altar of Gozag.
   106 | D        | Found a sacrificial altar of Ru.
   144 | D        | Noticed a giant frog
   144 | D        | Noticed a quasit
   144 | D        | Noticed a yak
   144 | D        | Noticed a big kobold
   144 | D        | Noticed an ogre
   151 | D        | Killed an ogre
   151 | D        | Reached skill level 5 in Fighting
   151 | D        | Reached skill level 5 in Dodging
   151 | D        | Reached skill level 6 in Unarmed Combat
   151 | D        | Reached XP level 4. HP: 27/50 MP: 3/3
   154 | D        | Killed a big kobold
   154 | D        | Reached skill level 7 in Unarmed Combat
   154 | D        | Reached XP level 5. HP: 32/59 MP: 4/4
   156 | D        | Killed a yak
   156 | D        | Reached skill level 1 in Polearms
   156 | D        | Reached skill level 8 in Unarmed Combat
   156 | D        | Reached XP level 6. HP: 29/68 MP: 5/5
   159 | D        | Killed a quasit
   162 | D        | Killed a giant frog
   267 | D        | Noticed a wasp
   267 | D        | Noticed an iguana
   267 | D        | Noticed a cyclops
   267 | D        | Noticed an efreet
   267 | D        | Noticed a two-headed ogre
   270 | D        | Killed a two-headed ogre
   270 | D        | Reached skill level 1 in Stealth
   270 | D        | Reached skill level 9 in Unarmed Combat
   270 | D        | Reached XP level 7. HP: 30/79 MP: 6/6
   277 | D        | Killed an efreet
   277 | D        | Killed an unseen horror
   286 | D        | Killed a cyclops
   286 | D        | Reached skill level 10 in Unarmed Combat
   289 | D        | Killed an iguana
   290 | D        | Killed a wasp
   431 | D        | Identified Sif Muna's Disquisition on Harmful Displacement
   444 | D        | Noticed a giant frog
   444 | D        | Noticed a porcupine
   444 | D        | Noticed an iguana
   444 | D        | Noticed a giant frog
   444 | D        | Noticed a giant frog
   444 | D        | Noticed a spiny frog
   445 | D        | Killed a giant frog
   445 | D        | Reached XP level 8. HP: 89/89 MP: 7/7
   448 | D        | Noticed a black mamba
   450 | D        | Noticed a giant frog
   451 | D        | Killed a spiny frog
   457 | D        | Killed a giant frog
   459 | D        | Noticed a giant frog
   460 | D        | Killed an iguana
   464 | D        | Killed a porcupine
   464 | D        | Received a gift from Trog
   468 | D        | Killed a giant frog
   474 | D        | HP: 4/92 [black mamba (4)]
   475 | D        | HP: 1/92 [black mamba (18)]
   483 | D        | HP: 4/138 [black mamba (9)]
   485 | D        | HP: 1/138 [poisoned by a black mamba]
   485 | D        | Mangled by a black mamba

Vault maps used:
D:        linesprint

Action                   |  1- 3 |  4- 6 |  7- 9 || total
-------------------------+-------+-------+-------++-------
Melee: Unarmed           |    33 |       |       ||    33
       Halberd           |     5 |    15 |    28 ||    48
Throw: Large rock        |       |       |     2 ||     2
Invok: Berserk           |     1 |       |       ||     1
       Brothers in Arms  |       |       |     2 ||     2
       Burn Spellbooks   |       |       |     1 ||     1
  Use: Potion            |     1 |       |     8 ||     9
  Eat: Bread ration      |       |     1 |       ||     1
       Chunk             |       |       |     5 ||     5
